 Dungeon Crawl Stone Soup version 0.30.1-1-g62c8e00024 (webtiles) character file.

Game seed: 6060031920310794644

747 monsoonserge the Covered (level 7, -6/63 HPs)
             Began as a Minotaur Fighter on July 14, 2023.
             Was an Initiate of Yredelemnul.
             Mangled by a lemure (7 damage)
             ... led by Pikel
             ... on level 4 of the Dungeon.
             The game lasted 00:11:28 (3861 turns).

monsoonserge the Covered (Minotaur Fighter)         Turns: 3861, Time: 00:11:29

Health: -6/63      AC:  7    Str: 23    XL:     7   Next: 48%
Magic:  6/6        EV:  4    Int:  5    God:    Yredelemnul [......]
Gold:   249        SH: 13    Dex:  9    Spells: 6/6 levels left

rFire   . . .        C - +7 Throatcutter {drain, coup de grace}
rCold   . . .        u - +0 tower shield
rNeg    . . .        x - +0 plate armour
rPois   .            (helmet restricted)
rElec   .            (no cloak)
rCorr   .            (no gloves)
SInv    .            (no boots)
Will    .....        (no amulet) Stlth
                     (no ring)
HPRegen 0.30/turn    (no ring)
MPRegen 0.10/turn

%: no passive effects
@: no status effects
A: horns 2, retaliatory headbutt, deformed body, evolution 1, inability to read
after injury 1
a: Renounce Religion, Recall Undead Harvest


You were on level 4 of the Dungeon.
You worshipped Yredelemnul.
Yredelemnul was noncommittal.
You visited 1 branch of the dungeon, and saw 5 of its levels.

You collected 249 gold pieces.

Inventory:

Hand Weapons
 a - a +0 war axe
 B - a +2 trident of flaming
 C - the +7 Throatcutter (weapon) {drain, coup de grace}
   (You found it on level 4 of the Dungeon)
Missiles
 i - 4 curare-tipped darts (quivered)
 n - 6 atropa-tipped darts
 o - 5 javelins
 y - 13 poisoned darts
Armour
 b - a +0 scale mail
 c - a +0 buckler
 h - a +0 chain mail
 u - a +0 tower shield (worn)
 x - a +0 plate armour (worn)
Scrolls
 e - a scroll of torment {unknown}
 g - 2 scrolls of identify {unknown}
 j - a scroll of magic mapping {unknown}
 l - 2 scrolls of enchant weapon {unknown}
 q - 3 scrolls of poison {unknown}
 s - a scroll of fog {unknown}
 t - a scroll of brand weapon {unknown}
 v - a scroll of noise {unknown}
 w - 2 scrolls of enchant armour {unknown}
Potions
 d - 3 potions of might
 f - a potion of berserk rage {unknown}
 k - 2 potions of mutation
 m - a potion of degeneration {unknown}
 p - a potion of haste {unknown}
 r - a potion of curing
 z - a potion of lignification {unknown}
 A - a potion of heal wounds {unknown}


   Skills:
 + Level 6.0 Fighting
 - Level 4.0 Axes
 + Level 0.8(2.6) Polearms
 + Level 2.0 Throwing
 + Level 6.3 Armour
 + Level 1.3 Dodging
 + Level 0.3 Stealth
 + Level 6.1 Shields
 * Level 0.4 Invocations


You had 6 spell levels left.
You didn't know any spells.
Your spell library contained the following spells:

 Spells                   Type           Power      Damage    Failure   Level
 Sandblast                Erth           0%         2d4       100%        1
 Passwall                 Tmut/Erth      0%         N/A       100%        2
 Gell's Gravitas          Tloc           0%         N/A       100%        3
 Stone Arrow              Conj/Erth      0%         3d7       100%        3
 Teleport Other           Tloc           0%         N/A       100%        3
 Dispersal                Tloc           0%         N/A       100%        6


Dungeon Overview and Level Annotations

Branches:
Dungeon (5/15)
 Temple: D:4-7

Altars:
Cheibriados
Makhleb
Nemelex Xobeh
Yredelemnul

Annotations:
D:5 Pikel


Innate Abilities, Weirdness & Mutations

You have a pair of horns on your head.
You reflexively headbutt those who attack you in melee.
Armour fits poorly on your strangely shaped body.
You have hidden genetic potential.
You occasionally lose the ability to read scrolls when taking damage.


Message History

You feel very sick. The hound bites you but does no damage.
You block the hound's attack. You block the black bear's attack.
The black bear claws you but does no damage. x2
Your Fighting skill increases to level 6!
You barely miss the hound.
The hound is heavily wounded.
You feel very sick. The hound bites you.
* * * LOW HITPOINT WARNING * * *
You block the hound's attack.
The black bear bites you but does no damage.
You block the black bear's attack.
The black bear claws you but does no damage.
The hound bites you but does no damage.
It was a potion of mutation.
You feel extremely strange.
You feel a hidden potential growing inside you.
Your body twists and deforms.
You occasionally lose the ability to read scrolls when taking damage.
You feel sick.
The black bear bites you but does no damage.
The black bear claws you.
* * * LOW HITPOINT WARNING * * *
You block the black bear's attack. You block the hound's attack.
It was a potion of curing.
You feel better. You block the hound's attack.
The black bear bites you but does no damage.
You block the black bear's attack. The black bear claws you.
* * * LOW HITPOINT WARNING * * *
The hound bites you but does no damage.
You slash the hound!
You kill the hound!
The dead are walking!
The black bear bites you.
* * * LOW HITPOINT WARNING * * *
You block the black bear's attack. The black bear barely misses you.
The black bear bites you.
* * * LOW HITPOINT WARNING * * *
The black bear barely misses you. You block the black bear's attack.
The lemure hits you!
You die...
Your body rises from the dead as a mindless zombie. ### ########.# #ZZZZ.Z.Z#

#.######Z# #Z# #Z# #Z#
#Z# #Z# #.# #Z#
###.############## #Z#
#@5............... #Z#
##hZ#####.#......# #Z#
#.).............. #Z#
###.#####.#....#.# #.#
#...#####.####.#.# #.#
#...'..........#.# #.#
#..)...........#.# #.#
####.#.#####.#...#
#.#######.#.......#.###


You could see a black bear (ally target), a lemure and a friendly hound zombie.

Vanquished Creatures
  2 ogres (D:4)
  A phantom (D:4)
  2 lemures (D:4)
  2 scorpions (D:4)
  2 hounds (D:4)
  A jelly (D:4)
  3 orc wizards
  3 gnolls (D:3)
  9 adders
  4 worms
  4 dart slugs
  7 orcs
  5 bats
  7 endoplasms
  2 giant cockroaches (D:2)
  10 goblins
  11 hobgoblins
  3 jackals (D:2)
  14 kobolds
  7 quokkas
  13 ball pythons
  2 rats (D:1)
114 creatures vanquished.

Vanquished Creatures (collateral kills)
  An orc (D:4)
  A giant cockroach (D:4)
  2 kobolds (D:4)
4 creatures vanquished.

Grand Total: 118 creatures vanquished

Notes
Turn   | Place    | Note
-------+----------+-------------------------------------------
     0 | D:1      | monsoonserge the Minotaur Fighter began the quest for the
                  | Orb.
     0 | D:1      | Reached XP level 1. HP: 19/19 MP: 0/0
   184 | D:1      | Reached XP level 2. HP: 27/27 MP: 1/1
   637 | D:1      | Reached XP level 3. HP: 33/33 MP: 2/2
  1000 | D:2      | Reached XP level 4. HP: 32/40 MP: 3/3
  1510 | D:3      | Reached skill level 1 in Throwing
  1548 | D:3      | Reached XP level 5. HP: 16/47 MP: 4/4
  1870 | D:3      | Reached skill level 1 in Dodging
  2115 | D:3      | Found a snail-covered altar of Cheibriados.
  2206 | D:3      | Found a burning altar of Makhleb.
  2206 | D:3      | Noticed a balrug
  2209 | D:3      | Noticed a hellwing
  2209 | D:3      | Noticed a hellwing
  2394 | D:4      | Noticed an ogre
  2400 | D:4      | Killed an ogre
  2401 | D:4      | Reached skill level 5 in Armour
  2401 | D:4      | Reached XP level 6. HP: 15/53 MP: 5/5
  2685 | D:4      | Found a sparkling altar of Nemelex Xobeh.
  2738 | D:4      | Found a basalt altar of Yredelemnul.
  2748 | D:4      | Became a worshipper of Yredelemnul the Dark
  2889 | D:4      | Reached skill level 5 in Fighting
  2966 | D:4      | Reached skill level 5 in Shields
  3022 | D:4      | Reached * piety under Yredelemnul
  3134 | D:4      | Reached ** piety under Yredelemnul
  3141 | D:4      | Reached XP level 7. HP: 54/61 MP: 6/6
  3190 | D:4      | Found the +7 Throatcutter {drain, coup de grace}
  3463 | D:4      | Reached *** piety under Yredelemnul
  3839 | D:5      | Entered Level 5 of the Dungeon
  3839 | D:5      | Noticed Pikel
  3859 | D:4      | Gained mutation: You have hidden genetic potential. [potion
                  | of mutation]
  3859 | D:4      | Gained mutation: Armour fits poorly on your strangely
                  | shaped body. [potion of mutation]
  3859 | D:4      | Gained mutation: You occasionally lose the ability to read
                  | scrolls when taking damage. [potion of mutation]
  3861 | D:4      | HP: 1/63 [black bear (3)]
  3861 | D:4      | Mangled by a lemure

Illustrated notes

Levels and vault maps discovered:
D:1:      dpeg_arrival_short_road, layout_basic, minmay_surrounded
D:2:      layout_loops_ring
D:3:      layout_basic, lemuel_doored_altar, makhleb_altar_promises_db,
          grunt_ministairs_6
D:4:      wad_river_or_something, layout_basic,
          mainiacjoe_overflow_cross_hatched, lemuel_tele_altar,
          dilly_guarded_unrand_throatcut
D:5:      layout_basic, serial_rivers, chequers_serial_rivers_room_b,
          chequers_serial_rivers_micro_d, chequers_serial_rivers_large_a,
          chequers_serial_rivers_micro_b, chequers_serial_rivers_micro_b,
          uniq_ijyb, uniq_crazy_yiuf_cottage, uniq_grinder, uniq_blork_the_orc,
          uniq_menkaure, uniq_pikel

Skill      XL: |  1  2  3  4  5  6  7 |
---------------+----------------------+-----
Shields        | 4 5 6 |  6.1
Armour         | 4 5 6 |  6.3
Axes           | 3 4 |  4.0
Fighting       | 4 5 6 |  6.0
Throwing       | 1 2 |  2.0
Dodging        | 1 |  1.3
Polearms       | |  0.8
Stealth        | |  0.3
Invocations    | |  0.4

Action                     |  1- 3 |  4- 6 |  7- 9 || total
---------------------------+-------+-------+-------++-------
  Melee: War axe           |    79 |   150 |     1 ||   230
         Headbutt          |     5 |    18 |     2 ||    25
         Long sword        |       |       |    19 ||    19
         Trident           |       |       |    10 ||    10
    Use: Potion            |       |       |     2 ||     2
 Armour: Scale mail        |     5 |       |       ||     5
         Chain mail        |    51 |    34 |       ||    85
         Plate armour      |       |    51 |    40 ||    91
  Dodge: Dodged            |    33 |    47 |    10 ||    90
  Block: Buckler           |    18 |    20 |       ||    38
         Tower shield      |       |    66 |    43 ||   109
